 Dungeon Crawl Stone Soup version 0.31.0-12-g77e489cdc1 (webtiles) character file.

Game seed: 6626763504650486780

501 112233 the Insei (level 7, -2/46 HPs)
             Began as an Octopode Shapeshifter on Feb 19, 2024.
             Slain by a gnoll
             ... wielding a +0 morningstar
             ... led by a gnoll bouda
              (14 damage)
             ... on level 3 of the Dungeon.
             The game lasted 00:03:15 (2632 turns).

112233 the Insei (Octopode Shapeshifter)            Turns: 2632, Time: 00:03:16

Health: -2/46      AC:  1    Str: 13    XL:     7   Next: 17%
Magic:  7/7        EV: 14    Int: 16    God:
Gold:   112        SH:  0    Dex: 16    Spells: 6/6 levels left

rFire   + . .        e - +2 whip (holy)
rCold   . . .        (no shield)
rNeg    . . .        (helmet currently unavailable)
rPois   .            (no amulet)
rElec   .            a - ring of Ilyef {rF+ rCorr Int+4 Dex+2}
rCorr   +            (no ring)
SInv    .            (no ring)
Will    .....        (no ring)
Stlth   ++           (no ring)
HPRegen 0.27/turn    (no ring)
MPRegen 0.10/turn    (no ring)
                     (no ring)

%: no passive effects
@: beast-form, weakened
A: beast (slay +2), almost no armour, amphibious, 8 rings, camouflage 1,
gelatinous body 1, (nimble swimmer 1), tentacles
a: Begin Untransformation


You were on level 3 of the Dungeon.
You were a hulking beast.
You visited 1 branch of the dungeon, and saw 4 of its levels.

You collected 112 gold pieces.

Inventory:

Hand Weapons
 e - a +2 whip of holy wrath (weapon)
Missiles
 g - 7 poisoned darts (quivered)
Jewellery
 a - the ring of Ilyef (left tentacle) {rF+ rCorr Int+4 Dex+2}
   (You found it on level 3 of the Dungeon)

   [ring of protection from fire]

   Int+4:     It affects your intelligence (+4).
   Dex+2:     It affects your dexterity (+2).
   rF+:       It protects you from fire.
   rCorr:     It protects you from acid and corrosion.
 k - a ring of resist corrosion
Talismans
 b - a beast talisman
 c - a flux talisman
Scrolls
 d - a scroll of fear {unknown}
 h - a scroll of enchant armour {unknown}
 i - a scroll of fog {unknown}
 j - 2 scrolls of identify {unknown}
 l - a scroll of vulnerability {unknown}
 m - a scroll of teleportation {unknown}
 n - a scroll of noise {unknown}


   Skills:
 + Level 3.6 Fighting
 + Level 4.0 Dodging
 + Level 4.7 Unarmed Combat
 + Level 4.4 Shapeshifting


You had 6 spell levels left.
You didn't know any spells.
Your spell library contained the following spells:

 Spells                   Type           Power      Damage    Failure   Level
 Magic Dart               Conj           0%         1d3       26%         1
 Blink                    Tloc           0%         N/A       36%         2
 Call Imp                 Summ           0%         N/A       36%         2
 Malign Gateway           Summ/Tloc      0%         N/A       100%        7
 Summon Horrible Things   Summ           0%         N/A       100%        8


Dungeon Overview and Level Annotations

Branches:
Dungeon (4/15)
 Temple: D:4-7

Altars:
Makhleb
Nemelex Xobeh


Innate Abilities, Weirdness & Mutations

You are a hulking beast.
Your limbs bulge with bestial killing power. (Slay +2)
You cannot wear most types of armour.
You are amphibious.
You can wear up to eight rings at the same time.
Your skin changes colour to match your surroundings (Stealth+).
Your rubbery body absorbs attacks. (AC +1, EV +1)
((You are camouflaged when in or above water. (Stealth+)))
You have tentacles for arms and can constrict up to eight enemies at once.


Message History

You constrict the gnoll bouda. The gnoll barely misses you.
The gnoll bouda prays to its god.
The gnoll bouda is healed somewhat.
The gnoll closely misses you. The gnoll barely misses you.
Unknown command.
You hit the gnoll bouda. You squeeze the gnoll bouda.
The gnoll bouda is heavily wounded.
You constrict the gnoll bouda. The gnoll closely misses you.
The gnoll bouda mumbles some strange prayers to its god.
The gnoll bouda is healed somewhat.
The gnoll barely misses you.
The gnoll hits you from afar with a +0 halberd!
Unknown command.
You hit the gnoll bouda.
The gnoll bouda is severely wounded.
You constrict the gnoll bouda. The gnoll bouda misses you.
The gnoll closely misses you. x2; The gnoll completely misses you.
The gnoll bouda barely misses you.
Unknown command.
You hit the gnoll bouda but do no damage.
You squeeze the gnoll bouda.
The gnoll bouda is almost dead.
You constrict the gnoll bouda.
You kill the gnoll bouda!
The gnoll hits you from afar with a +0 spear!
* * * LOW HITPOINT WARNING * * *
The gnoll throws a stone.
The stone barely misses you.
The gnoll throws a stone.
The stone completely misses you.
The gnoll hits you from afar with a +0 spear.
* * * LOW HITPOINT WARNING * * *
A frilled lizard comes into view.
Items here: )) [ ††.
Unknown command.
You feel better.
The gnoll hits you from afar with a +0 spear.
* * * LOW HITPOINT WARNING * * *
Unknown command.
Unknown command.
The gnoll attacks as it pursues you!
The gnoll hits you with a +0 morningstar!
You die...

. ..#.....#### #.
........#### #..
........#... #.####
..........## .....
#l.........## #..#
#.........#... #
#.###gg........###.
##.##..g.g###..........
#..)..h#####..≈≈≈.≈≈≈≈≈
.....#.##..####..≈.......≈
.#. ... #........≈.#####.≈
#### #.....##.≈.#..)..≈
........###.≈.#._.#.≈
#.#####.####.≈.....#.≈
#......≈.#####.≈
....##..≈.......≈
...####.≈≈≈≈≈≈≈≈≈


You could see 3 gnolls, a hobgoblin and a frilled lizard.

Vanquished Creatures
  A phantom (D:4)
  A scorpion (D:4)
  2 hounds (D:4)
  2 bombardier beetles (D:4)
  A gnoll bouda (D:3)
  An iguana (D:4)
  A sleepcap (D:4)
  An orc wizard (D:3)
  5 gnolls
  3 adders
  2 ribbon worms (D:3)
  A dart slug (D:1)
  4 orcs
  3 endoplasms (D:1)
  3 giant cockroaches (D:4)
  4 hobgoblins
  8 jackals
  2 quokkas
  3 ball pythons
  5 bats (D:1)
  5 frilled lizards
  3 goblins
  9 kobolds
  4 rats
74 creatures vanquished.

Notes
Turn   | Place    | Note
-------+----------+-------------------------------------------
     0 | D:1      | 112233 the Octopode Shapeshifter began the quest for the
                  | Orb.
     0 | D:1      | Reached XP level 1. HP: 13/13 MP: 1/1
   589 | D:1      | Reached XP level 2. HP: 18/18 MP: 2/2
   807 | D:1      | Reached XP level 3. HP: 22/23 MP: 3/3
  1267 | D:3      | Reached XP level 4. HP: 16/29 MP: 4/4
  1462 | D:3      | Identified the ring of Ilyef {rF+ rCorr Int+4 Dex+2}
  1532 | D:3      | Found a sparkling altar of Nemelex Xobeh.
  1763 | D:4      | Reached XP level 5. HP: 32/35 MP: 5/5
  1990 | D:4      | Found a burning altar of Makhleb.
  2028 | D:4      | Noticed a phantom
  2037 | D:4      | Killed a phantom
  2038 | D:4      | Reached XP level 6. HP: 33/42 MP: 6/6
  2315 | D:4      | Reached XP level 7. HP: 40/46 MP: 7/7
  2632 | D:3      | Slain by a gnoll

Illustrated notes

Levels and vault maps discovered:
D:1:      lemuel_arrival_hallway, layout_basic
D:2:      layout_basic, nicolae_shop_vocational
D:3:      layout_rooms, mainiacjoe_overflow_brackets, marbit_many_paths,
          minmay_checkerbox
D:4:      layout_gridville, lightli_temple_of_fire, st_stairs_4, fountainhead

Skill      XL: |  1  2  3  4  5  6  7 |
---------------+----------------------+-----
Fighting       | 2 3 |  3.6
Dodging        | 3 4 |  4.0
Unarmed Combat | 4 |  4.7
Shapeshifting  | 4 |  4.4

Action                     |  1- 3 |  4- 6 |  7- 9 || total
---------------------------+-------+-------+-------++-------
  Melee: Whip              |    81 |    71 |    20 ||   172
         Unarmed           |     8 |       |       ||     8
         Constrict         |    13 |    20 |     4 ||    37
         Tentacles         |     7 |    17 |     7 ||    31
         Punch             |       |     4 |       ||     4
    Use: Potion            |     2 |     1 |     2 ||     5
   Stab: Sleeping          |     7 |     3 |       ||    10
 Armour: Skin              |    47 |    24 |    21 ||    92
  Dodge: Dodged            |    55 |    40 |    33 ||   128
